LiquidTurbo, neutral female human Valkyrie ------------- ............| --..------..| --------|..-----|..--------- |......||`.....||......%...| |..--..| ----..|---------..| |..||..-----|).----------..| |..||......||......||......| |<.|-----..|-----..||..----- -..| |..|-----.%||..|-------- ..| |..||....%.||).||......| --- |..||..-----|..||..--..| --..--..|-----.@--..| .. ........||......H...| --------------------- LiquidTurbo the Woman-at-arms Experience level: 12 Strength: 18/01 Dexterity: 13 Constitution: 18 Intelligence: 7 Wisdom: 11 Charisma: 12 Health: 0(116) Energy: 33(33) Def: 20 Gold: 5972 Moves: 11155 Dungeon seed: ot-jKuW2OK7dX8X9 Game ID: LiquidTurbo_1497625994 Your Inventory: Coins $ - 5972 gold pieces Weapons a - an uncursed +3 spear l - an uncursed +7 elven dagger named Dagger of Honor T - the uncursed rustproof +2 Mjollnir (weapon in hand) Armor e - an uncursed +2 small shield (being worn) n - an uncursed +0 elven leather helm (being worn) q - an uncursed +0 alchemy smock r - a blessed greased +2 silver dragon scale mail (being worn) s - an uncursed +0 pair of gauntlets of dexterity (being worn) y - an uncursed +0 cloak of magic resistance (being worn) z - an uncursed +0 pair of iron shoes (being worn) D - a cursed +0 shield of reflection Z - an uncursed +1 pair of elven boots Comestibles d - 6 uncursed food rations o - 9 uncursed lumps of royal jelly x - an uncursed C-ration B - an uncursed tripe ration J - 3 uncursed sprigs of wolfsbane P - 3 uncursed pancakes S - an uncursed lichen corpse U - 2 uncursed lizard corpses Rings f - a blessed +2 ring of adornment F - a cursed -1 ring of gain strength K - an uncursed ring of conflict L - a cursed ring of aggravate monster Y - an uncursed ring of poison resistance Wands b - a cursed wand of speed monster (0:3) c - an uncursed wand of cold (0:1) h - an uncursed wand of light (0:14) t - an uncursed wand of create monster (0:10) u - an uncursed wand of digging (0:1) v - an uncursed wand of striking (0:4) E - an uncursed wand of slow monster (0:3) G - an uncursed wand of light (0:14) H - a cursed wand of make invisible (0:4) I - an uncursed wand of digging (0:7) M - a blessed wand of enlightenment (0:10) O - an uncursed wand of secret door detection (0:10) X - an uncursed wand of speed monster (0:0) Tools k - an uncursed skeleton key m - a blessed oil lamp (lit) (0:764) p - an uncursed towel N - an uncursed bag of holding Q - a blessed oil lamp (0:1286) V - an uncursed -1 unicorn horn Contents of the bag of holding: 3 uncursed scrolls of create monster a [uncursed] scroll of earth a [uncursed] scroll of light an uncursed scroll of scare monster 4 cursed scrolls of teleportation 2 [uncursed] scrolls of teleportation a [uncursed] potion of blindness a [uncursed] potion of gain energy a [uncursed] potion of gain level Spells and supernatural/magical abilities: Name Level Category Fail Memory W - pray for help -- divine ? -- Your skills at the end: Miscellaneous Skills shield [Skilled] wands [Basic] stealth [Basic] Weapon Skills dagger [Basic] hammer [Skilled] spear [Expert] Spellcasting Skills Final Attributes: You were devoutly aligned. You were fire resistant. You were cold resistant. You were poison resistant. You were magic-protected. Your writing hand was cramped from overuse. You were somewhat stealthy. You could fly. You were fast. You had reflection. You are dead. Vanquished creatures: Medusa 3 minotaurs a lich a nurse a vampire a queen bee an ogre king 2 Elvenkings a flesh golem a doppelganger a wumpus 3 couatls a giant mummy an elf-lord 10 wargs a warhorse 2 trolls a pyrolisk 2 flaming spheres a shocking sphere a large cat 2 tigers a gargoyle a dwarf king 3 tengu a gelatinous cube an ochre jelly a leocrotta 2 giants 2 Grey-elves 4 wraiths a leather golem 4 soldiers a watchman 2 giant beetles 2 cockatrices a gremlin a leprechaun a quivering blob 3 lizards 2 orc-captains 2 giant spiders 2 scorpions a horse 2 gnome kings an ogre a Green-elf 2 owlbears 2 yetis a werewolf 3 chickatrices 2 dingos 2 housecats a jaguar a dwarf lord 2 blue jellies 2 white unicorns 3 dust vortices a raven a plains centaur 4 gnome mummies 4 Woodland-elves a snake an ape a yellow light 7 bugbears a wood nymph an orc shaman 4 rock moles 3 rock piercers 2 ponies 2 shriekers 13 gnome lords 2 gnomish wizards 2 kobold mummies 2 gray oozes a barrow wight 2 elf zombies 3 ghouls a jellyfish a giant ant 3 floating eyes a kitten 11 dwarves 3 homunculi a kobold lord a kobold shaman 5 iguanas 5 rothes a centipede 4 jitterbugs 2 giant bats 2 dwarf zombies 2 wererats a werejackal 26 killer bees 2 coyotes 3 hobbits an acid blob a large kobold 7 geckos 17 hobgoblins a giant rat 2 green molds a red mold 26 gnomes 6 garter snakes a manes a gnome zombie 7 jackals a fox 2 kobolds 6 newts 3 goblins 11 sewer rats 2 grid bugs 2 bats 4 lichens 2 kobold zombies 340 creatures vanquished. Voluntary challenges: You did not have reflection until turn 8985. You were not displaced. You used a wielded weapon 534 times, starting on turn 3. You did not use plumbed fixtures. You read items or engraved 20 times, starting on turn 1970. You never genocided any monsters. You never polymorphed an object. You never changed form. You used 1 wish, starting on turn 8971. You did not wish for any artifacts. You never split a pudding. You wrote Elbereth's name 3 times, starting on turn 10521. You violated your moral code, losing 2 points of alignment, starting on turn 4150. Dungeon overview: The Dungeons of Doom: levels 1 to 27 Level 1 a fountain a long staircase Level 2 an altar to Odin stairs to The Gnomish Mines Level 3 Level 4 Level 5 Level 6 Level 7 Level 8 Level 9 many fountains Level 10 stairs to Sokoban Level 11 a temple to Tyr Level 12 a fountain, a throne Level 13 Level 14 Level 15 Level 16 Level 17 Level 18 a temple to Odin Level 19 a fountain Level 20 Level 21 Level 22 Level 23 Level 24 Level 25 Level 26 Level 27 <- You were here The Gnomish Mines: levels 3 to 5 Level 3 stairs to The Dungeons of Doom Level 4 Level 5 many shops, a temple to Odin, a magic chest, some fountains Sokoban: Level 9 a magic chest stairs to The Dungeons of Doom History has recorded: On T:1 you entered the Dungeons of Doom to retrieve the Amulet of Yendor! On T:351 you reached level 2 of The Dungeons of Doom. On T:465 you reached level 1 of The Gnomish Mines. On T:466 you advanced to experience level 2. On T:497 you advanced to experience level 3. On T:557 you advanced to experience level 4. On T:649 you reached level 2 of The Gnomish Mines. On T:706 you advanced to experience level 5. On T:857 you reached level 3 of The Gnomish Mines. On T:936 you entered the Minetown temple On T:941 you opened a magic chest. On T:1107 you advanced to experience level 6. On T:1326 you prayed to Odin. On T:1976 you reached level 3 of The Dungeons of Doom. On T:2115 you reached level 4 of The Dungeons of Doom. On T:2406 you reached level 5 of The Dungeons of Doom. On T:2521 you reached level 6 of The Dungeons of Doom. On T:2973 you advanced to experience level 7. On T:3451 you reached level 7 of The Dungeons of Doom. On T:3927 you reached level 8 of The Dungeons of Doom. On T:4004 you reached level 9 of The Dungeons of Doom. On T:4055 you advanced to experience level 8. On T:4056 you received advice from The Oracle. On T:4056 you advanced to experience level 9. On T:4294 you reached level 10 of The Dungeons of Doom. On T:4330 you reached level 4 of Sokoban. On T:4660 you reached level 11 of The Dungeons of Doom. On T:4697 you reached level 12 of The Dungeons of Doom. On T:4991 you reached level 13 of The Dungeons of Doom. On T:6406 you received Mjollnir from Odin. On T:7363 you reached level 14 of The Dungeons of Doom. On T:7484 you reached level 15 of The Dungeons of Doom. On T:7493 you reached level 16 of The Dungeons of Doom. On T:7650 you reached level 17 of The Dungeons of Doom. On T:7650 you entered the Rogue tribute level. On T:7654 you advanced to experience level 10. On T:8317 you reached level 18 of The Dungeons of Doom. On T:8452 you reached level 19 of The Dungeons of Doom. On T:8797 you prayed to Odin. On T:8971 you wished for "Blessed +2 fixed greased silver dragon scale mail". On T:9505 you advanced to experience level 11. On T:9599 you reached level 20 of The Dungeons of Doom. On T:9635 you reached level 21 of The Dungeons of Doom. On T:9887 you reached level 24 of The Dungeons of Doom. On T:10134 you reached level 25 of The Dungeons of Doom. On T:10245 you reached level 23 of The Dungeons of Doom. On T:10245 you killed Medusa on level 23 of The Dungeons of Doom. On T:10336 you reached level 22 of The Dungeons of Doom. On T:10934 you reached level 26 of The Dungeons of Doom. On T:11031 you reached level 27 of The Dungeons of Doom. On T:11074 you advanced to experience level 12. Score breakdown: Gold: 5972 ( 597 points) Experience: 12 levels ( 1100 points) Exploration: 27 levels ( 780 points) Discoveries: 48 items ( 2000 points) Variety of kills: 119 monsters ( 2000 points) Major goal: reached Minetown ( 500 points) Survival: died (score multiplied by 3) Total score: 20931 Latest messages: The bolt of cold hits the minotaur! The massive hammer hits! Lightning strikes the minotaur! The flesh golem claws you! The flesh golem misses. The massive hammer hits! Lightning strikes the minotaur! The minotaur punches you! (2x) The minotaur butts! The massive hammer hits! Lightning strikes the minotaur! (2x) You kill the minotaur! The flesh golem just misses! The flesh golem misses. You see here a minotaur corpse. The massive hammer hits the flesh golem. (3x) The flesh golem claws you! (2x) The massive hammer hits the flesh golem. The flesh golem claws you! (2x) You see here a minotaur corpse. The minotaur punches you! (2x) The minotaur butts! The minotaur punches you! You die... Final status: Farvel LiquidTurbo the Valkyrie, killed by a minotaur... You died in The Dungeons of Doom on dungeon level 27 with 20931 points, and 5972 pieces of gold, after 11155 moves. You were level 12 with a maximum of 116 hit points when you died.